 Dungeon Crawl Stone Soup version 0.22-a0-362-g535178c (webtiles) character file.

130 mortelune the Skirmisher (level 4, -1/36 HPs)
             Began as a Demonspawn Abyssal Knight on Apr 20, 2018.
             Was a Believer of Lugonu.
             Splashed by a jelly's acid (5 damage)
             ... on level 3 of the Dungeon.
             The game lasted 00:04:59 (3098 turns).

mortelune the Skirmisher (DsAK)                     Turns: 3098, Time: 00:05:00

Health: -1/36      AC: -2    Str: 14    XL:     4   Next: 90%
Magic:  5/5        EV:  6    Int: 13    God:    Lugonu [**....]
Gold:   74         SH:  0    Dex: 12    Spells: 3/3 levels left

rFire    . . .     SeeInvis .   a - +1 falchion
rCold    + . .     Gourm    .   (no shield)
rNeg     . . .     Faith    .   q - +0 chain mail
rPois    .         Spirit   .   (no helmet)
rElec    .         Reflect  .   (no cloak)
rCorr    +         Harm     .   (no gloves)
MR       .....                  (no boots)
Stlth    ..........             (no amulet)
HPRegen  0.12/turn              k - ring of resist corrosion
MPRegen  0.09/turn              l - ring of protection from cold

@: corroded
A: foul stench 1, rot immunity
a: Depart the Abyss, Bend Space, Renounce Religion


You were on level 3 of the Dungeon.
You worshipped Lugonu.
Lugonu was pleased with you.
You were not hungry.

You visited 1 branch of the dungeon, and saw 3 of its levels.
You visited the Abyss 1 time.

You collected 74 gold pieces.

Inventory:

Hand Weapons
 a - a +1 falchion (weapon)
Missiles
 g - 7 javelins (quivered)
Armour
 b - a +0 leather armour
 q - a +0 chain mail (worn)
Jewellery
 h - an uncursed ring of magical power
 k - a ring of resist corrosion (left hand)
 l - a ring of protection from cold (right hand)
Scrolls
 i - 4 scrolls of identify
 o - a scroll of remove curse
 p - a scroll of teleportation {unknown}
 r - a scroll of amnesia {unknown}
Potions
 d - a potion of agility
 e - a potion of heal wounds
 f - a potion of flight
 j - a potion of might {unknown}
 m - a potion of ambrosia {unknown}
 n - a potion of mutation {unknown}
 t - a potion of degeneration {unknown}
Comestibles
 c - 3 rations
 s - 7 chunks of flesh


   Skills:
 + Level 3.6 Fighting
 * Level 3.2 Long Blades
 * Level 3.2 Armour
 - Level 0.8 Dodging
 - Level 2.4 Invocations


You had 3 spell levels left.
You didn't know any spells.

Dungeon Overview and Level Annotations

Branches:
Dungeon (3/15)

Altars:


Innate Abilities, Weirdness & Mutations

You may emit foul miasma when damaged in melee.
You are immune to rotting.


Message History

The jelly is severely wounded.
You hit the jelly but do no damage.
Your hands burn!
The jelly is severely wounded.
The jelly hits you.
You are splashed with acid!
The acid burns!
You resist.
You barely miss the jelly.
The jelly is severely wounded.
The jelly hits you.
You are splashed with acid!
The acid burns!
You resist.
The jelly looks sick.
You hit the jelly but do no damage.
Your hands burn!
The jelly is severely wounded.
The jelly hits you. The acid corrodes you!
You are splashed with acid!
The acid burns!
You resist.
* * * LOW HITPOINT WARNING * * *
You hit the jelly but do no damage.
Your hands burn!
* * * LOW HITPOINT WARNING * * *
The jelly is severely wounded.
The jelly hits you.
* * * LOW HITPOINT WARNING * * *
You are splashed with acid!
The acid burns!
You resist.
You die...

..# ... #.#
..#.# ..#.#
#.#.# #.#J#
#.#@#
#######.#.#
........#.##
#.........#
#'# #..
#.........#
#####.###.#
#.........#
#......##.#
#.........#
#......##.#
#.........#
#......##.#
#.........#
#......##.#


You could see a jelly.

Vanquished Creatures
  Terence (D:2)
  2 adders (D:3)
  A shadow imp (D:3)
  2 oozes (D:1)
  A dart slug (D:1)
  2 leopard geckos (D:3)
  An orc (D:3)
  11 bats
  4 giant cockroaches
  7 goblins
  5 hobgoblins
  6 jackals
  3 quokkas
  A frilled lizard (D:2)
  12 kobolds
  5 rats
64 creatures vanquished.

Notes
Turn   | Place    | Note
-------+----------+-------------------------------------------
     0 | Abyss:1  | mortelune the Demonspawn Abyssal Knight began the quest for the Orb.
     0 | Abyss:1  | Reached XP level 1. HP: 18/18 MP: 2/2
     0 | Abyss:1  | Found a corrupted altar of Lugonu.
    12 | Abyss:1  | Noticed a tentacled starspawn
    13 | D:1      | Escaped the Abyss
   226 | D:1      | Gained mutation: You are immune to rotting. [demonic ancestry]
   226 | D:1      | Reached XP level 2. HP: 24/24 MP: 3/3
   398 | D:1      | Reached * piety under Lugonu
   584 | D:1      | Reached XP level 3. HP: 27/29 MP: 4/4
  2315 | D:2      | Noticed Terence
  2330 | D:2      | Killed Terence
  2330 | D:2      | Gained mutation: You may emit foul miasma when damaged in melee. [demonic ancestry]
  2330 | D:2      | Reached XP level 4. HP: 12/35 MP: 5/5
  2544 | D:3      | Reached ** piety under Lugonu
  3098 | D:3      | Splashed by a jelly's acid

Vault maps used:
D:1:      dpeg_arrival_radiant, minmay_tromino_v4_c
D:2:      uniq_terence
D:3:      cheibrodos_pilgrimage, lemuel_round_altar, grunt_ministairs_3
Abyss:1:  hangedman_shadowy_showcase

Skill      XL: |  1  2  3  4 |
---------------+-------------+-----
Long Blades    | 2 3 |  3.2
Armour         | 2 3 |  3.2
Fighting       | |  3.6
Dodging        | |  0.8
Invocations    | |  2.4

Action                   |  1- 3 |  4- 6 || total
-------------------------+-------+-------++-------
Melee: Falchion          |   120 |    81 ||   201
Invok: Depart the Abyss  |     1 |       ||     1
  Use: Scroll            |     5 |       ||     5
  Eat: Chunk             |     4 |     3 ||     7
Armor: Leather armour    |    38 |       ||    38
       Chain mail        |       |    57 ||    57
Dodge: Dodged            |    97 |    36 ||   133
       Rpst.: Falchion   |    36 |    17 ||    53

Table legend:
 A = Spawn XP
 B = Non-spawn XP
 C = Spawn XP percentage of total XP
 D = Spawn monster count
 E = Non-spawn monster count
 F = Spawn count percentage of total count
 G = Total turns spent on level
                    A         B        C        D         E        F      G
               +---------+---------+-------+---------+---------+-------+---------
         Total |       0 |     187 |   0.0 |       0 |      64 |   0.0 |  3098
               +---------+---------+-------+---------+---------+-------+---------
           D:1 |       0 |      63 |   0.0 |       0 |      30 |   0.0 |  1423
           D:2 |       0 |      55 |   0.0 |       0 |      15 |   0.0 |  1105
           D:3 |       0 |      69 |   0.0 |       0 |      19 |   0.0 |   557
               +---------+---------+-------+---------+---------+-------+---------
